 Dungeon Crawl Stone Soup version 0.21.1-1-g345015f (webtiles) character file.

128 Kairos the Shield-Bearer (level 5, 0/28 HPs)
             Began as a Vine Stalker Fighter on Apr 25, 2018.
             Succumbed to Sigmund's poison
             ... on level 2 of the Dungeon.
             The game lasted 00:02:51 (1079 turns).

Kairos the Shield-Bearer (Vine Stalker Fighter)     Turns: 1079, Time: 00:02:52

Health: 0/28       AC:  9    Str: 24 (25) XL:     5   Next: 11%
Magic:  2/6        EV:  7    Int: 11 (13) God:
Gold:   71         SH:  0    Dex: 12 (13) Spells: 4/4 levels left

rFire    + . .     SeeInvis .   a - +0 war axe
rCold    . . .     Gourm    .   c - +0 shield
rNeg     . . .     Faith    .   g - +3 scale mail {rF+}
rPois    .         Spirit   +   (no helmet)
rElec    .         Reflect  .   (no cloak)
rCorr    .         Harm     .   (no gloves)
MR       .....                  (no boots)
Stlth    ..........             l - amulet of regeneration
HPRegen  0.89/turn              (no ring)
MPRegen  0.10/turn              (no ring)

@: confused, mighty, brilliant, lethally poisoned (0 -> -3)
A: fangs 2, regeneration 1, magic shield, antimagic bite, no potion heal 3, rot
immunity
a: no special abilities


You were on level 2 of the Dungeon.
You were hungry.

You visited 1 branch of the dungeon, and saw 2 of its levels.

You collected 71 gold pieces.

Inventory:

Hand Weapons
 a - a +0 war axe (weapon)
Armour
 b - a +0 scale mail
 c - a +0 shield (worn)
 g - a +3 scale mail of fire resistance (worn)
Jewellery
 l - an amulet of regeneration (around neck)
Scrolls
 h - 2 scrolls of remove curse
 i - a scroll of enchant weapon {unknown}
 j - 3 scrolls of amnesia {unknown}
 o - a scroll of magic mapping {unknown}
 p - a scroll of identify {unknown}
Potions
 d - 3 potions of might
 k - a potion of magic
 n - a potion of brilliance
Books
 m - a book of Unlife

   Spells                             Type                      Level
   a - Recall                         Summoning/Translocation      3
   b - Animate Dead                   Necromancy                   4
   c - Borgnjor's Vile Clutch         Necromancy/Earth             5
   d - Death Channel                  Necromancy                   6
   e - Simulacrum                     Ice/Necromancy               6
Comestibles
 f - 3 rations


   Skills:
 + Level 3.2 Fighting
 + Level 3.2 Axes
 + Level 2.6 Armour
 + Level 0.3 Dodging
 + Level 0.7 Stealth
 + Level 3.5 Shields


You had 4 spell levels left.
You didn't know any spells.

Dungeon Overview and Level Annotations

Branches:
Dungeon (2/15)

Altars:
Xom

Annotations:
D:2 Sigmund


Innate Abilities, Weirdness & Mutations

You have extremely sharp teeth.
Your natural rate of healing is unusually fast.
When hurt, damage is shared between your health and your magic reserves.
Your bite disrupts and absorbs the magic of your enemies.
Potions cannot restore your health.
You are immune to rotting.


Message History

* * * LOW HITPOINT WARNING * * *
You feel sick.
* * * LOW HITPOINT WARNING * * *
You feel sick. Sigmund casts a spell at you.
You are confused.
You feel very mighty all of a sudden.
* * * LOW HITPOINT WARNING * * *
You feel sick.
Drop what? 15/52 slots (_ for help) (? for menu, Esc to quit)
Okay, then.
You bump into the rock wall.
* * * LOW HITPOINT WARNING * * *
You feel sick.
Sigmund hits you from afar with a scythe of venom.
You are lethally poisoned!
You bump into the rock wall.
* * * LOW HITPOINT WARNING * * *
You feel sick.
You die...

##......#####.####
#........#........
################........#.##.###.
...............#........#.##.###.
.....†##....##.#........#........
.....# ####....##......##.##.###.
..... ###@..##....##..##.# #.
.... ###..####.#..=##.###. ####
##@.....)†#.##.....
######.†...######. #.†...# #[
##....######. #........##.
#........##. #........##.
#........##. ###......##.


You could see Sigmund.

Vanquished Creatures
  Robin (D:2)
  4 gnolls (D:2)
  2 oozes (D:1)
  2 dart slugs
  6 bats
  12 giant cockroaches
  11 goblins
  5 hobgoblins
  4 jackals (D:1)
  A quokka (D:2)
  3 frilled lizards
  3 kobolds
  7 rats
61 creatures vanquished.

Notes
Turn   | Place    | Note
-------+----------+-------------------------------------------
     0 | D:1      | Kairos the Vine Stalker Fighter began the quest for the Orb.
     0 | D:1      | Reached XP level 1. HP: 11/11 MP: 2/2
   215 | D:1      | Reached XP level 2. HP: 16/16 MP: 3/3
   335 | D:1      | Reached XP level 3. HP: 20/20 MP: 4/4
   807 | D:2      | Found a shimmering altar of Xom.
   807 | D:2      | Noticed Robin
   861 | D:2      | Gained mutation: Your natural rate of healing is unusually fast. [Vine Stalker growth]
   861 | D:2      | Reached XP level 4. HP: 24/24 MP: 5/5
   866 | D:2      | Killed Robin
   922 | D:2      | Found a shimmering altar of Xom.
   923 | D:2      | Found a shimmering altar of Xom.
   995 | D:2      | Reached XP level 5. HP: 28/28 MP: 6/6
  1053 | D:2      | Noticed Sigmund
  1073 | D:2      | HP: 1/28 [poisoned by Sigmund]
  1078 | D:2      | HP: 1/28 [poisoned by Sigmund]
  1079 | D:2      | Succumbed to Sigmund's poison

Skill      XL: |  1  2  3  4 |
---------------+-------------+-----
Shields        | 3 |  3.5
Fighting       | 3 |  3.2
Axes           | 2 3 |  3.2
Armour         | |  2.6
Dodging        | |  0.3
Stealth        | |  0.7

Action                   |  1- 3 |  4- 6 || total
-------------------------+-------+-------++-------
Melee: War axe           |    62 |    59 ||   121
       Bite              |    13 |    19 ||    32
  Use: Potion            |       |     4 ||     4
       Scroll            |       |     1 ||     1
Armor: Scale mail        |    46 |    32 ||    78
Dodge: Dodged            |    37 |    28 ||    65
Block: Shield            |    48 |    60 ||   108
